 Dungeon Crawl Stone Soup version 0.27-a0-562-g0d39f094a4 (webtiles) character file.

Game seed: 11177740236990241374

1409 jasper the Geomancer (level 8, 0/36 HPs)
             Began as a Spriggan Earth Elementalist on Mar 8, 2021.
             Killed by divine providence
             ... invoked by an orc priest
              (11 damage)
             ... on level 7 of the Dungeon.
             The game lasted 00:09:36 (6940 turns).

jasper the Geomancer (Spriggan Earth Elementalist)  Turns: 6940, Time: 00:09:37

Health: 0/36       AC:  2    Str:  4    XL:     8   Next: 42%
Magic:  9/13       EV: 17    Int: 18    God:
Gold:   284        SH:  0    Dex: 16    Spells: 6/12 levels left

rFire    . . .     SeeInvis +   z - +3 shortbow of Nazeagucap {flame, Will+}
rCold    . . .     Faith    .   (shield currently unavailable)
rNeg     . . .     Spirit   .   c - +0 robe
rPois    .         Reflect  .   (helmet restricted)
rElec    .         Harm     .   (no cloak)
rCorr    .         Rampage  .   (gloves unavailable)
Will     ++...                  (boots unavailable)
Stlth    ++........             (no amulet)
HPRegen  0.12/turn              (no ring)
MPRegen  0.13/turn              (no ring)

@: very quick
A: very small, unfitting armour, see invisible, speed 3
a: no special abilities


You were on level 7 of the Dungeon.
You visited 1 branch of the dungeon, and saw 7 of its levels.

You collected 284 gold pieces.

Inventory:

Hand Weapons
 m - a +1 long sword of flaming
 r - a +2 dagger of draining
 z - the +3 shortbow of Nazeagucap (weapon) {flame, Will+}
   (You found it on level 5 of the Dungeon)

   It causes projectiles fired from it to burn those they strike, causing extra
   injury to most foes and up to half again as much damage against particularly
   susceptible opponents.
   It affects your willpower, your defense against some magical effects.
 A - a +1 whip of electrocution
Missiles
 b - 166 stones
 f - 143 bolts
 k - 19 poisoned darts
 x - 3 boomerangs
 C - 26 arrows (quivered ammo)
Armour
 c - a +0 robe (worn)
Jewellery
 e - a ring of flight
 l - a ring of magical power
Wands
 s - a wand of flame (40)
 B - a wand of random effects (19)
Scrolls
 g - 2 scrolls of enchant weapon {unknown}
 i - 2 scrolls of magic mapping {unknown}
 n - a scroll of fear {unknown}
 o - 2 scrolls of random uselessness {unknown}
 v - a scroll of teleportation {unknown}
 w - 4 scrolls of identify
 y - a scroll of blinking {unknown}
 D - a scroll of fog {unknown}
 E - a scroll of enchant armour {unknown}
Potions
 a - 4 potions of heal wounds {unknown}
 d - a potion of berserk rage {unknown}
 h - 4 potions of flight
 j - 4 potions of haste
 p - 3 potions of brilliance
 q - 2 potions of degeneration {unknown}
 t - 2 potions of invisibility {unknown}
 u - 2 potions of lignification {unknown}


   Skills:
 - Level 2.6 Dodging
 - Level 3.0 Stealth
 - Level 2.6 Spellcasting
 - Level 1.3 Transmutations
 + Level 9.9 Earth Magic


You had 6 spell levels left.
You knew the following spells:

 Your Spells              Type           Power      Damage    Failure   Level
a - Sandblast             Erth           76%        2d16      1%          1
b - Passwall              Tmut/Erth      18%        N/A       2%          2
c - Stone Arrow           Conj/Erth      40%        3d9       7%          3

Your spell library contained the following spells:

 Spells                   Type           Power      Damage    Failure   Level
 Lee's Rapid Deconstruct  Erth           19%        3d12*     8%          5
 Petrify                  Tmut/Erth      22%        N/A       16%         4
 Freeze                   Ice            8%         1d3       17%         1
 Confusing Touch          Hex            2%         N/A       45%         3
 Frozen Ramparts          Ice            4%         1d2       45%         3
 Gell's Gravitas          Tloc           1%         N/A       45%         3
 Ozocubu's Armour         Ice            2%         N/A       45%         3
 Hailstorm                Conj/Ice       2%         3d3       86%         4
 Summon Ice Beast         Ice/Summ       2%         N/A       86%         4
 Yara's Violent Unravell  Hex/Tmut       2%         3d3       98%         5
 Metabolic Englaciation   Hex/Ice        1%         N/A       99%         5


Dungeon Overview and Level Annotations

Branches:
Dungeon (7/15)
 Temple: D:4-7

Altars:
Fedhas
Ru
Wu Jian

Annotations:
D:5 1 runed translucent door, tinescath's ghost, novice KoHu


Innate Abilities, Weirdness & Mutations

You are very small and have problems with some larger weapons.
You are too small for most types of armour.
You have supernaturally acute eyesight. (SInv)
You cover ground extremely quickly. (Speed+++)


Message History

You shoot an arrow.
The arrow closely misses the orc warrior.
Aiming: Sandblast (safe; 1% risk of failure)
Press: ? - help, Q - select action, (/) - cycle Shift-Dir - straight line, f/p - orc warrior
Aim: an orc warrior, wielding a +0 halberd and wearing a +0 chain mail (heavily wounded, 20% to evade)
The blast of sand hits the orc warrior.
The orc warrior is severely wounded.
An orc comes into view. It is wielding a +0 short sword.
You now have 12/13 mp.
Aiming: Sandblast (safe; 1% risk of failure)
Press: ? - help, Q - select action, (/) - cycle Shift-Dir - straight line, f/p - orc warrior
Aim: an orc warrior, wielding a +0 halberd and wearing a +0 chain mail (severely wounded, 20% to evade)
The blast of sand hits the orc warrior but does no damage.
The orc warrior is severely wounded.
The orc shouts!
You hear a shout!
The orc warrior misses you.
You hear a shout!
You now have 11/13 mp.
Aiming: Sandblast (safe; 1% risk of failure)
Press: ? - help, Q - select action, (/) - cycle Shift-Dir - straight line, f/p - orc warrior
Aim: an orc warrior, wielding a +0 halberd and wearing a +0 chain mail (severely wounded, 20% to evade)
The blast of sand misses the orc warrior.
An orc priest comes into view. It is wielding a +0 short sword.
The orc warrior hits you from afar with a +0 halberd!
You take 15 damage, and have 21/36 hp.
MASSIVE DAMAGE!!
You now have 10/13 mp.
Aiming: Sandblast (safe; 1% risk of failure)
Press: ? - help, Q - select action, (/) - cycle Shift-Dir - straight line, f/p - orc warrior
Aim: an orc warrior, wielding a +0 halberd and wearing a +0 chain mail (severely wounded, 20% to evade)
The blast of sand hits the orc warrior but does no damage.
The orc warrior is severely wounded.
The orc priest shouts!
The orc priest invokes the aid of Beogh against you.
Beogh smites you!
* * * LOW HITPOINT WARNING * * *
The orc warrior misses you.
You take 11 damage, and have 10/36 hp.
MASSIVE DAMAGE!!
You now have 9/13 mp.
The orc priest calls down the wrath of Beogh upon you.
Beogh smites you!
You die...

#o #( #.
#o #. #
#o .##
##.##...#
#..@.#
#.#..$#
.......
#.#.).#.#
#.....#.#
#.#.##. .
.#. # # #
#.


You could see an orc warrior, an orc priest and an orc.

Vanquished Creatures
  Pikel (D:5)
  Eustachio (D:3)
  A centaur (D:5)
  2 lemures (D:4)
  A phantom (D:5)
  A bullfrog (D:7)
  A gnoll sergeant (D:6)
  A howler monkey (D:4)
  An orc priest (D:4)
  A centaur skeleton (D:4)
  Jessica (D:3)
  Ijyb (D:5)
  Natasha (thrice) (D:3)
  4 orc wizards
  2 hound skeletons (D:5)
  3 gnolls (D:6)
  7 adders
  2 white imps (D:6)
  An ooze (D:3)
  An adder skeleton (D:6)
  A dart slug (D:3)
  3 worms
  4 leopard geckos
  8 orcs
  11 bats
  3 giant cockroaches
  9 goblins
  3 hobgoblins
  4 jackals (D:1)
  9 kobolds
  2 quokkas
  2 ball pythons
  6 frilled lizards
  14 rats
115 creatures vanquished.

Notes
Turn   | Place    | Note
-------+----------+-------------------------------------------
     0 | D:1      | jasper the Spriggan Earth Elementalist began the quest for
                  | the Orb.
     0 | D:1      | Reached XP level 1. HP: 9/9 MP: 5/5
    99 | D:1      | Reached skill level 3 in Earth Magic
   189 | D:1      | Reached XP level 2. HP: 13/13 MP: 2/6
   192 | D:1      | Learned a level 2 spell: Passwall
   967 | D:2      | Reached XP level 3. HP: 16/16 MP: 4/8
   971 | D:2      | Learned a level 3 spell: Stone Arrow
  1055 | D:2      | Reached skill level 4 in Earth Magic
  1558 | D:2      | Reached XP level 4. HP: 18/21 MP: 6/9
  2036 | D:2      | Found a blossoming altar of Fedhas.
  2515 | D:3      | Noticed Natasha
  2523 | D:3      | Killed Natasha
  2524 | D:3      | Reached skill level 5 in Earth Magic
  2585 | D:3      | Noticed Jessica
  2589 | D:3      | Killed Jessica
  2590 | D:3      | Reached XP level 5. HP: 24/24 MP: 7/10
  2602 | D:3      | Noticed Natasha
  2605 | D:3      | Killed Natasha
  2691 | D:3      | Found a sacrificial altar of Ru.
  2917 | D:3      | Reached skill level 6 in Earth Magic
  3159 | D:4      | Noticed Eustachio
  3185 | D:3      | Noticed Natasha
  3190 | D:3      | Killed Eustachio
  3191 | D:3      | Reached XP level 6. HP: 28/28 MP: 2/11
  3310 | D:3      | Killed Natasha
  3630 | D:4      | Reached skill level 7 in Earth Magic
  4017 | D:4      | Reached XP level 7. HP: 32/32 MP: 8/12
  4385 | D:5      | Entered Level 5 of the Dungeon
  4392 | D:5      | Found a runed translucent door.
  4392 | D:5      | Noticed tinescath's ghost (novice KoHu)
  4412 | D:5      | Identified the +3 shortbow of Nazeagucap {flame, Will+}
  4452 | D:5      | Noticed Pikel
  4464 | D:5      | Noticed Ijyb
  4804 | D:5      | Found an ornate altar of the Wu Jian Council.
  4859 | D:5      | Killed Pikel
  4860 | D:5      | Reached skill level 9 in Earth Magic
  4860 | D:5      | Reached XP level 8. HP: 36/36 MP: 6/13
  4946 | D:5      | Killed Ijyb
  6940 | D:7      | Killed from afar by an orc priest

Illustrated notes

Levels and vault maps discovered:
D:1:      dpeg_arrival_castle, layout_rooms
D:2:      layout_basic, serial_rivers, chequers_serial_rivers_micro_e,
          chequers_serial_rivers_micro_d, chequers_serial_rivers_large_a,
          chequers_serial_rivers_small_3, minmay_misc_feat_alley, fedhas_altar_2
D:3:      layout_basic, nicolae_ru_great_annihilating_truth,
          small_statue_alley_b, uniq_natasha, uniq_jessica
D:4:      layout_loops_ring, hangedman_abyss_or_decor_stabs, uniq_eustachio
D:5:      layout_cave_pools, basic_altar, hellmonk_ghost_happy_afterlife,
          uniq_ijyb, uniq_pikel
D:6:      layout_gridville
D:7:      layout_loops_ring, nemelex_xobeh_ov_fountains_minmay,
          minmay_temple_entry_hall

Skill      XL: |  1  2  3  4  5  6  7 |
---------------+----------------------+-----
Earth Magic    | 3 4 5 6 7 9 |  9.9
Dodging        | |  2.6
Stealth        | |  3.0
Spellcasting   | |  2.6
Transmutations | |  1.3

Action                   |  1- 3 |  4- 6 |  7- 9 || total
-------------------------+-------+-------+-------++-------
Melee: Long sword        |     1 |    31 |    10 ||    42
       Whip              |       |       |    10 ||    10
 Fire: Shortbow          |       |       |    17 ||    17
Throw: Dart              |     3 |       |       ||     3
 Cast: Sandblast         |    55 |    64 |    58 ||   177
Evoke: Wand              |       |     2 |     4 ||     6
  Use: Scroll            |       |     5 |       ||     5
       Potion            |       |     1 |       ||     1
 Stab: Sleeping          |     1 |    10 |     1 ||    12
       Distracted        |       |     1 |     1 ||     2
       Paralysed         |       |     2 |       ||     2
Armor: Robe              |     1 |     3 |     2 ||     6
Dodge: Dodged            |     9 |    27 |    52 ||    88
       Rpst.: Long sword |       |     9 |    11 ||    20

Table legend: (Time is in decaauts)
 A = Elapsed time spent in this place.
 B = Non-inter-level travel time spent in this place.
 C = Inter-level travel time spent in this place.
 D = Time resting spent in this place.
 E = Time spent auto-exploring this place.
 F = Levels seen in this place.
 G = Mean time per level.
                   A        B        C        D        E       F      G
               +--------+--------+--------+--------+--------+-----+--------+
         Total |   5543 |   5313 |    230 |   1291 |   3309 |   7 |  791.9 |
       Dungeon |   5543 |   5313 |    230 |   1291 |   3309 |   7 |  791.9 |
               +--------+--------+--------+--------+--------+-----+--------+

Top non-repeatable levels by time:
     D:5: 1035 daAuts
     D:4: 989 daAuts
     D:2: 972 daAuts
     D:3: 865 daAuts
     D:1: 732 daAuts
     D:6: 591 daAuts
     D:7: 356 daAuts
